 Dungeon Crawl Stone Soup version 0.25.1-2-g60ff931df9 (webtiles) character file.

Game seed: 10662046218977510749

975 DildoBatman the Conjurer (level 8, -2/52 HPs)
             Began as a Formicid Wizard on Aug 31, 2020.
             Slain by an ice beast (5 damage)
             ... on level 6 of the Dungeon.
             The game lasted 00:18:05 (6359 turns).

DildoBatman the Conjurer (Formicid Wizard)          Turns: 6359, Time: 00:18:06

Health: -2/52      AC:  2    Str: 12    XL:     8   Next: 39%
Magic:  9/12       EV: 12    Int: 20    God:
Gold:   274        SH:  0    Dex:  9    Spells: 6/13 levels left

rFire    + . .     SeeInvis +   a - +1 dagger (holy)
rCold    . . .     Gourm    .   (no shield)
rNeg     . . .     Faith    .   u - +0 robe
rPois    +         Spirit   .   (helmet unavailable)
rElec    .         Reflect  .   (no cloak)
rCorr    .         Harm     .   (no gloves)
MR       .....                  (no boots)
Stlth    ++........             (no amulet)
HPRegen  0.17/turn              E - ring of protection from fire
MPRegen  0.13/turn              D - ring of poison resistance

@: no status effects
A: permanent stasis, dig shafts and tunnels, four strong arms, antennae 3
a: Dig, Shaft Self


You were on level 6 of the Dungeon.
You were hungry.

You visited 1 branch of the dungeon, and saw 6 of its levels.

You collected 274 gold pieces.

Inventory:

Hand Weapons
 a - a +1 dagger of holy wrath (weapon)
 f - a +1 dagger of venom
Missiles
 i - 185 stones
 k - a throwing net
 o - 13 bolts
 s - 10 javelins
 t - 2 boomerangs (quivered)
 y - 30 sling bullets
 B - 42 arrows
 F - 11 poisoned darts
Armour
 u - a +0 robe (worn)
Jewellery
 D - a ring of poison resistance (right hand)
 E - a ring of protection from fire (left hand)
Wands
 j - a wand of iceblast (5)
Scrolls
 c - 4 scrolls of identify {unknown}
 m - 2 scrolls of fear {unknown}
 n - a scroll of enchant weapon
 p - 2 scrolls of immolation
 x - 10 scrolls of remove curse
 A - a scroll of random uselessness {unknown}
Potions
 b - 2 potions of mutation {unknown}
 d - a potion of flight {unknown}
 e - 4 potions of curing {unknown}
 g - 2 potions of brilliance {unknown}
 h - a potion of haste {unknown}
 q - a potion of berserk rage {unknown}
 r - a potion of degeneration {unknown}
 w - 3 potions of heal wounds {unknown}
 z - a potion of lignification {unknown}
 C - a potion of might {unknown}
 H - a potion of cancellation {unknown}
Comestibles
 l - 3 chunks of flesh
 v - 9 rations


   Skills:
 - Level 1.7 Dodging
 - Level 2.4 Stealth
 - Level 3.2 Spellcasting
 - Level 6.0 Conjurations
   Level 1.0 Summonings
   Level 0.8 Translocations
 * Level 4.2 Fire Magic
 * Level 3.5 Air Magic


You had 6 spell levels left.
You knew the following spells:

 Your Spells              Type           Power        Failure   Level  Hunger
a - Conjure Flame         Conj/Fire      ###.....     4%          3    ###....
c - Magic Dart            Conj           ####         1%          1    None
e - Mephitic Cloud        Conj/Pois/Air  ###.....     11%         3    ###....

Your spell library contained the following spells:

 Spells                   Type           Power        Failure   Level  Hunger
 Infusion                 Chrm           #...         14%         1    None
 Call Imp                 Summ           #.......     14%         2    ##.....
 Shroud of Golubria       Chrm/Tloc      #.....       17%         2    ##.....
 Slow                     Hex            #.......     22%         2    ##.....
 Song of Slaying          Chrm           #.......     22%         2    ##.....
 Ozocubu's Armour         Chrm/Ice       #.......     38%         3    ###....
 Spectral Weapon          Hex/Chrm       #.......     38%         3    ###....
 Blink                    Tloc           Unusable     N/A         2    N/A

Dungeon Overview and Level Annotations

Branches:
Dungeon (6/15)
 Temple: D:4-7

Altars:
Qazlal
Wu Jian

Annotations:
D:2 Natasha
D:3 exclusions: ice beast and 1 more exclusion
D:4 exclusions: skeleton, worker ant and 2 more exclusions
D:5 exclusion: 2 sensed monsters (detected), Dowan
D:6 exclusion: 8 sensed monsters (detected)


Innate Abilities, Weirdness & Mutations

You cannot be hasted, slowed, berserked, paralysed or teleported.
You can dig through walls and to a lower floor.
Your four strong arms can wield two-handed weapons with a shield.
You have a pair of large antennae on your head. (SInv)


Message History

The ice beast is almost dead.
The ice beast hits you. The ice beast freezes you!
Casting: Magic Dart (safe; 1% risk of failure)
Confirm with . or Enter, or press ? or * to list all spells.
Aiming: Magic Dart (safe; 1% risk of failure)
Press: ? - help, Shift-Dir - straight line, f/p - ice beast
Aim: an ice beast (almost dead)
The magic dart hits the ice beast but does no damage.
The ice beast is almost dead.
The ice beast closely misses you.
Casting: Magic Dart (safe; 1% risk of failure)
Confirm with . or Enter, or press ? or * to list all spells.
Aiming: Magic Dart (safe; 1% risk of failure)
Press: ? - help, Shift-Dir - straight line, f/p - ice beast
Aim: an ice beast (almost dead)
The magic dart hits the ice beast.
The ice beast is almost dead.
The ice beast hits you.
You die...

..........##...#####...#..##
.#...#######...####....#...# .#
##..#### #........[....#.# #..{
###....###.#.......###...# ...
...................####.).# .#
##.####.####.##......#..)..## .#
..... #.# #.#.....####.....##
.#.......#.# #..Y....###.......#
.#.......#.####.@#...........)..#
....._....................###.).#
.#.......#.......#........##....#
.#.......#.......#........##...##
.# ..... #.......#.......###...#
.####.####.......#####.........#
...........####................#
....######## #########........#
##### ##########


You could see an ice beast.

Vanquished Creatures
  An ice beast (D:5)
  An ogre (D:4)
  2 sky beasts
  A crimson imp (D:2)
  A hound (D:4)
  A bullfrog zombie (D:6)
  A jelly (D:5)
  An orc priest (D:5)
  A centaur skeleton (D:4)
  2 iguanas (D:6)
  4 orc wizards
  3 worker ants
  3 gnolls (D:5)
  7 adders
  2 shadow imps (D:5)
  An ooze (D:2)
  A worm (D:5)
  3 dart slugs
  3 leopard geckos
  9 orcs
  3 ball pythons
  7 giant cockroaches
  8 goblins
  9 hobgoblins
  10 jackals
  2 quokkas
  7 bats
  10 frilled lizards
  5 kobolds
  A quokka zombie (D:6)
  8 rats
118 creatures vanquished.

Notes
Turn   | Place    | Note
-------+----------+-------------------------------------------
     0 | D:1      | DildoBatman the Formicid Wizard began the quest for the
                  | Orb.
     0 | D:1      | Reached XP level 1. HP: 13/13 MP: 4/4
    68 | D:1      | Reached skill level 1 in Conjurations
   383 | D:1      | Reached XP level 2. HP: 19/19 MP: 0/6
   544 | D:1      | Reached skill level 2 in Conjurations
   997 | D:1      | Reached XP level 3. HP: 24/24 MP: 2/7
  1002 | D:1      | Learned a level 3 spell: Conjure Flame
  1006 | D:1      | Learned a level 3 spell: Mephitic Cloud
  1476 | D:2      | Reached skill level 3 in Conjurations
  1575 | D:2      | Reached XP level 4. HP: 14/30 MP: 0/8
  2370 | D:3      | Found a stormy altar of Qazlal.
  2380 | D:3      | Reached skill level 4 in Conjurations
  2380 | D:3      | Reached XP level 5. HP: 32/35 MP: 4/9
  2456 | D:3      | Noticed an ice beast
  2563 | D:3      | Noticed Natasha
  3207 | D:4      | Noticed an ogre
  3390 | D:3      | Reached skill level 5 in Conjurations
  3390 | D:3      | Reached XP level 6. HP: 19/41 MP: 3/10
  3660 | D:4      | Killed an ogre
  4071 | D:4      | Noticed an ogre
  4113 | D:4      | Reached XP level 7. HP: 46/46 MP: 5/11
  4239 | D:5      | Entered Level 5 of the Dungeon
  4242 | D:5      | Reached skill level 1 in Fire Magic
  4343 | D:5      | Reached skill level 1 in Air Magic
  4513 | D:5      | Noticed Dowan
  4781 | D:5      | Reached skill level 6 in Conjurations
  5241 | D:5      | Reached XP level 8. HP: 40/52 MP: 3/12
  6186 | D:6      | Found an ornate altar of the Wu Jian Council.
  6359 | D:6      | Slain by an ice beast

Illustrated notes

Levels and vault maps discovered:
D:1:      dpeg_arrival_chambers_temple_mockup, layout_basic, minmay_pentomino_u4
D:2:      layout_rooms, first_ration
D:3:      layout_loops_ring, overflow_temple_1_default, uniq_natasha
D:4:      cheibrodos_barr_body, layout_loops_ring, minmay_door_square
D:5:      layout_basic, uniq_duvessa
D:6:      layout_rooms, old_standard_altar, kennysheep_little_box,
          kennysheep_vampire_church, minmay_temple_entry_purple_smoke,
          hangedman_decor_growths, roderic_lattice_a, uniq_menkaure,
          uniq_eustachio

Skill      XL: |  1  2  3  4  5  6  7  8 |
---------------+-------------------------+-----
Conjurations   | 1 2 3 4 5 6 |  6.0
Fire Magic     | 3 4 |  4.2
Air Magic      | 2 3 |  3.5
Dodging        | |  1.7
Stealth        | |  2.4
Spellcasting   | |  3.2
Summonings     | |  1.0
Translocations | |  0.8

Action                   |  1- 3 |  4- 6 |  7- 9 || total
-------------------------+-------+-------+-------++-------
Melee: Short sword       |    23 |    21 |       ||    44
       Dagger            |       |       |    51 ||    51
Throw: Javelin           |       |     9 |    10 ||    19
       Dart              |       |     8 |       ||     8
       Boomerang         |       |       |    30 ||    30
       Stone             |       |       |     1 ||     1
 Cast: Magic Dart        |    86 |   122 |    87 ||   295
       Mephitic Cloud    |       |     6 |     8 ||    14
       Conjure Flame     |       |     1 |     8 ||     9
 Abil: Dig               |     2 |     1 |     2 ||     5
  Use: Scroll            |       |       |     4 ||     4
 Stab: Confused          |       |       |     8 ||     8
  Eat: Chunk             |     2 |     9 |     8 ||    19
Armor: Robe              |    11 |     9 |     4 ||    24
Dodge: Dodged            |    30 |    38 |    32 ||   100
